 Dungeon Crawl Stone Soup version 0.29-a0-334-gb41bcbb86e (webtiles) character file.

Game seed: 4826302284906487364

2149 brightshaft the Carver (level 9, -18/68 HPs)
             Began as a Merfolk Gladiator on Apr 13, 2022.
             Was a Follower of Uskayaw.
             Demolished by a komodo dragon (22 damage)
             ... on level 6 of the Dungeon.
             The game lasted 00:09:30 (5662 turns).

brightshaft the Carver (Merfolk Gladiator)          Turns: 5662, Time: 00:09:31

Health: -18/68     AC:  8    Str: 14    XL:     9   Next: 31%
Magic:  2/10       EV: 12    Int:  7    God:    Uskayaw [*.....]
Gold:   232        SH:  6    Dex: 20    Spells: 8/8 levels left

rFire   . . .      SeeInvis .   G - +0 scimitar
rCold   . . .      Faith    .   m - +0 buckler
rNeg    . . .      Spirit   .   v - +0 scale mail
rPois   .          Reflect  .   x - +0 helmet
rElec   .          Harm     .   C - +0 cloak
rCorr   .          Rampage  .   (no gloves)
Will    .....                   (no boots)
Stlth   ..........              l - amulet of regeneration
HPRegen 1.01/turn               (no ring)
MPRegen 0.12/turn               (no ring)

@: no status effects
A: (nimble swimmer 2), mertail
a: Renounce Religion, Stomp


You were on level 6 of the Dungeon.
You worshipped Uskayaw.
Uskayaw was noncommittal.
You visited 1 branch of the dungeon, and saw 6 of its levels.

You collected 317 gold pieces.
You spent 85 gold pieces at shops.

Inventory:

Hand Weapons
 a - a +0 long sword
 b - a +0 hunting sling
 G - a +0 scimitar (weapon)
Missiles
 d - 3 throwing nets (quivered)
 e - 5 javelins
Armour
 m - a +0 buckler (worn)
 q - a +0 chain mail
 v - a +0 scale mail (worn)
 x - a +0 helmet (worn)
 C - a +0 cloak (worn)
 H - a +4 chain mail
Jewellery
 l - an amulet of regeneration (around neck)
 A - an amulet of faith
Wands
 u - a wand of mindburst (11)
 w - a wand of paralysis (7)
Scrolls
 c - 2 scrolls of immolation {unknown}
 f - 2 scrolls of silence {unknown}
 g - 4 scrolls of teleportation {unknown}
 h - a scroll of magic mapping {unknown}
 i - a scroll of noise {unknown}
 j - a scroll of amnesia {unknown}
 o - 2 scrolls of vulnerability {unknown}
 p - 5 scrolls of identify {unknown}
 y - a scroll of fear {unknown}
 E - a scroll of enchant armour {unknown}
Potions
 k - a potion of degeneration {unknown}
 n - 2 potions of invisibility {unknown}
 r - 2 potions of heal wounds {unknown}
 s - 2 potions of berserk rage {unknown}
 t - 2 potions of curing {unknown}
 z - a potion of mutation {unknown}
 B - a potion of attraction {unknown}
 D - 2 potions of lignification {unknown}
 F - a potion of magic {unknown}
 I - a potion of resistance {unknown}


   Skills:
 + Level 5.3 Fighting
 * Level 11.2 Long Blades
 - Level 2.0 Throwing
 + Level 7.2 Dodging
 + Level 4.3 Shields
 + Level 1.8 Invocations


You had 8 spell levels left.
You didn't know any spells.
Your spell library contained the following spells:

 Spells                   Type           Power      Damage    Failure   Level
 Animate Skeleton         Necr           0%         N/A       95%         1
 Beastly Appendage        Tmut           0%         N/A       95%         1
 Pain                     Necr           0%         1d4       95%         1
 Wereblood                Tmut           0%         N/A       99%         2
 Spider Form              Tmut/Pois      0%         N/A       100%        3
 Vampiric Draining        Necr           0%         2d6       100%        3
 Olgreb's Toxic Radiance  Pois           0%         N/A       100%        4
 Summon Lightning Spire   Summ/Air       0%         N/A       100%        4
 Ozocubu's Refrigeration  Ice            0%         4d5       100%        7
 Storm Form               Tmut/Air       0%         N/A       100%        7
 Ignition                 Fire           0%         3d3       100%        8
 Maxwell's Capacitive Co  Air            0%         ∞         100%        8


Dungeon Overview and Level Annotations

Branches:
Dungeon (6/15)             Temple (0/1) D:6

Altars:
Cheibriados
Elyvilon
Uskayaw
Xom
Yredelemnul

Shops:
D:4 [   D:5 ==


Innate Abilities, Weirdness & Mutations

((You are very nimble when in or above water. (Stealth+, EV+, Speed+++)))
Your lower body shifts to a powerful aquatic tail in water.


Message History

You block the komodo dragon's attack. The iguana closely misses you.
You stomp with the beat, sending a shockwave through the revellers around you!
The iguana is moderately wounded.
The komodo dragon is heavily wounded.
You can no longer stomp with the beat.
An orc priest comes into view. It is wielding a +0 mace.
You block the komodo dragon's attack.
The iguana bites you but does no damage.
You can now stomp with the beat.
The orc priest shouts!
You slash the komodo dragon!
The komodo dragon is severely wounded.
You barely miss the komodo dragon.
The komodo dragon is severely wounded.
The iguana closely misses you.
The orc priest invokes the aid of Beogh against you.
Beogh smites you! The komodo dragon closely misses you.
You hit the komodo dragon but do no damage.
The komodo dragon is severely wounded.
The iguana bites you but does no damage.
The komodo dragon bites you!!
* * * LOW HITPOINT WARNING * * *
You stomp with the beat, sending a shockwave through the revellers around you!
The iguana is severely wounded.
The komodo dragon is almost dead.
The komodo dragon bites you but does no damage.
The iguana bites you but does no damage.
The iguana attacks as you move away! You block the iguana's attack.
The iguana hisses menacingly.
You stomp with the beat, sending a shockwave through the revellers around you!
The iguana is almost dead.
The komodo dragon is almost dead.
You can no longer stomp with the beat.
The komodo dragon bites you.
* * * LOW HITPOINT WARNING * * *
The iguana bites you!
* * * LOW HITPOINT WARNING * * *
You can now stomp with the beat.
The komodo dragon attacks as you move away!
The komodo dragon bites you!!
You die...

......#.....#..#.........##.##.).
......'.....#..#.........#§.≈#...
......#.....#..#.........##.##...
......#.....#..#.............#...
#.....#.....#..#.............####
#######....##..##'#########'####.
......#....#..........#...#...#..
.....!'....#..ol......#...#...#..
...o..#....oo.ol@.....'...#...#..
......#....######...###..###..##.
#######.....#..##'#####'####..##.
...........#.......+............
...........#.......#..........(.
...........#..###..#############
.....#'####..###..#............
.....#............#............
.... #............#............


You could see a komodo dragon, an orc warrior, an iguana, an orc priest and 2
orcs.

Vanquished Creatures
  Eustachio (D:4)
  A sky beast (D:6)
  2 ice beasts (D:6)
  An orc warrior (D:6)
  3 ogres
  A phantom (D:4)
  A necrophage (D:4)
  A scorpion (D:6)
  10 wights
  3 howler monkeys
  A gnoll shaman (D:4)
  A jelly (D:3)
  An orc priest (D:3)
  3 hounds (D:5)
  An iguana (D:4)
  2 orc wizards (D:6)
  10 river rats (D:5)
  11 adders
  A white imp (D:6)
  2 worms (D:3)
  2 dart slugs
  19 orcs
  3 endoplasms
  7 giant cockroaches
  5 goblins
  5 hobgoblins
  9 quokkas
  4 ball pythons
  4 bats
  8 kobolds
  14 rats
137 creatures vanquished.

Notes
Turn   | Place    | Note
-------+----------+-------------------------------------------
     0 | D:1      | brightshaft the Merfolk Gladiator began the quest for the
                  | Orb.
     0 | D:1      | Reached XP level 1. HP: 16/16 MP: 1/1
    33 | D:1      | Found a faded altar of an unknown god.
    76 | D:1      | Prayed at the altar of an unknown god.
    76 | D:1      | Became a worshipper of Uskayaw the Reveller
    76 | D:1      | Reached * piety under Uskayaw
    82 | D:1      | Reached ** piety under Uskayaw
   222 | D:1      | Reached skill level 4 in Long Blades
   264 | D:1      | Reached XP level 2. HP: 15/22 MP: 2/2
  1116 | D:2      | Reached XP level 3. HP: 27/27 MP: 3/3
  1170 | D:2      | Reached skill level 5 in Long Blades
  1665 | D:3      | Reached skill level 6 in Long Blades
  1665 | D:3      | Reached XP level 4. HP: 30/33 MP: 4/4
  1904 | D:3      | Reached *** piety under Uskayaw
  2328 | D:3      | Reached XP level 5. HP: 35/38 MP: 5/5
  2536 | D:3      | Reached skill level 7 in Long Blades
  2650 | D:4      | Found a white marble altar of Elyvilon.
  2693 | D:4      | Found a shimmering altar of Xom.
  2728 | D:4      | Reached **** piety under Uskayaw
  2731 | D:4      | Reached ***** piety under Uskayaw
  2732 | D:4      | Reached XP level 6. HP: 44/44 MP: 6/6
  2767 | D:4      | Reached skill level 8 in Long Blades
  2984 | D:4      | Found Itoecruv's Antique Armour Shoppe.
  3113 | D:4      | Reached skill level 9 in Long Blades
  3146 | D:4      | Reached XP level 7. HP: 31/50 MP: 3/7
  3196 | D:4      | Bought a cloak for 85 gold pieces
  3353 | D:4      | Noticed Eustachio
  3372 | D:4      | Killed Eustachio
  3373 | D:4      | Reached skill level 1 in Shields
  3526 | D:5      | Entered Level 5 of the Dungeon
  3537 | D:5      | Found a hide-covered altar of Uskayaw.
  3554 | D:5      | Found Ladix's Jewellery Shoppe.
  3751 | D:5      | Found Zecowevo's Jewellery Shoppe.
  4008 | D:5      | Reached skill level 5 in Dodging
  4062 | D:5      | Reached XP level 8. HP: 57/58 MP: 8/8
  4079 | D:5      | Reached skill level 10 in Long Blades
  5116 | D:6      | Reached XP level 9. HP: 10/59 MP: 2/9
  5116 | D:6      | HP: 2/57 [wight/+0 scimitar (4)]
  5187 | D:6      | Reached skill level 5 in Fighting
  5187 | D:6      | Reached skill level 1 in Invocations
  5270 | D:6      | Reached skill level 11 in Long Blades
  5335 | D:6      | Found a staircase to the Ecumenical Temple.
  5396 | D:6      | Found a snail-covered altar of Cheibriados.
  5450 | D:6      | Found a basalt altar of Yredelemnul.
  5631 | D:6      | Noticed a komodo dragon
  5662 | D:6      | Demolished by a komodo dragon

Illustrated notes

Levels and vault maps discovered:
D:1:      nzn_arrival_settlement, layout_basic,
          chequers_ecumenical_altar_simple_redux
D:2:      layout_basic
D:3:      layout_loops_corners, grunt_ministairs_10, hangedman_decor_peaks_small
D:4:      layout_basic, xom_confusion_cloud, elyvilon_altar_4,
          kennysheep_windowed_goal, uniq_eustachio
D:5:      lemuel_ratsnest, layout_basic, mainiacjoe_overflow_cross_hatched,
          serial_shops, shop, shop, kennysheep_pointless_box
D:6:      layout_gridville, mainiacjoe_overflow_two_lobes,
          minmay_temple_entry_metal_lava

Skill      XL: |  1  2  3  4  5  6  7  8  9 |
---------------+----------------------------+-----
Long Blades    | 4 6 7 9 10 11 | 11.2
Shields        | 1 3 4 |  4.3
Fighting       | 3 4 5 |  5.3
Dodging        | 5 6 7 |  7.2
Invocations    | 1 |  1.8
Throwing       | |  2.0

Action                   |  1- 3 |  4- 6 |  7- 9 || total
-------------------------+-------+-------+-------++-------
Melee: Long sword        |    96 |   126 |   250 ||   472
       Punch             |       |     2 |       ||     2
       Scimitar          |       |       |    55 ||    55
 Fire: Hunting sling     |       |    11 |       ||    11
Invok: Stomp             |       |     1 |     9 ||    10
 Stab: Sleeping          |     3 |       |       ||     3
       Paralysed         |       |     2 |    10 ||    12
Armor: Leather armour    |    29 |     4 |       ||    33
       Scale mail        |       |    48 |   107 ||   155
Dodge: Dodged            |    60 |    72 |   196 ||   328
Block: Buckler           |       |       |    81 ||    81

Table legend: (Time is in decaauts)
 A = Elapsed time spent in this place.
 B = Non-inter-level travel time spent in this place.
 C = Inter-level travel time spent in this place.
 D = Time resting spent in this place.
 E = Time spent auto-exploring this place.
 F = Levels seen in this place.
 G = Mean time per level.
                   A        B        C        D        E       F      G
               +--------+--------+--------+--------+--------+-----+--------+
         Total |   5665 |   5531 |    134 |      0 |   4409 |   6 |  944.2 |
       Dungeon |   5665 |   5531 |    134 |      0 |   4409 |   6 |  944.2 |
               +--------+--------+--------+--------+--------+-----+--------+

Top non-repeatable levels by time:
     D:5: 1420 daAuts
     D:3: 1000 daAuts
     D:1: 902 daAuts
     D:4: 875 daAuts
     D:2: 766 daAuts
     D:6: 699 daAuts
